 Dungeon Crawl Stone Soup version 0.26-a0-1129-gc5df7fbe6a (webtiles) character file.

Game seed: 3194257901935849615

11857 sahdkjhfkaj the Thrower (level 11, 0/111 HPs)
             Began as a Troll Berserker on Dec 18, 2020.
             Was a High Priest of Trog.
             Slain by a wolf (5 damage)
             ... on level 2 of the Lair of Beasts.
             The game lasted 00:14:13 (10702 turns).

sahdkjhfkaj the Thrower (Troll Berserker)          Turns: 10702, Time: 00:14:14

Health: 0/111      AC: 11    Str: 30    XL:     11   Next: 54%
Magic:  0/19       EV: 10    Int: 11    God:    Trog [*****.]
Gold:   605        SH:  0    Dex:  9    Spells: 10/10 levels left

rFire    + . .     SeeInvis .     - Unarmed
rCold    . . .     Faith    .   (no shield)
rNeg     . . .     Spirit   +   w - +2 robe of Yrchar {rElec Int+8}
rPois    .         Reflect  .   k - +2 hat
rElec    +         Harm     .   a - +0 cloak
rCorr    .         Rampage  .   (gloves unavailable)
Will     .....                  (boots unavailable)
Stlth    +.........             e - amulet of guardian spirit
HPRegen  0.68/turn              l - ring of magical power
MPRegen  0.16/turn              p - ring of protection from fire

@: lethally poisoned (0 -> -6)
A: large, unfitting armour, claws 3, regeneration 1, shaggy fur 1, tough skin 3
a: Renounce Religion, Berserk, Trog's Hand, Brothers in Arms


You were on level 2 of the Lair of Beasts.
You worshipped Trog.
Trog was extremely pleased with you.
You visited 2 branches of the dungeon, and saw 12 of its levels.

You collected 1061 gold pieces.
You spent 456 gold pieces at shops.

Inventory:

Missiles
 b - 281 stones (quivered)
 o - 2 silver javelins
Armour
 a - a +0 cloak (worn)
 k - a +2 hat (worn)
 w - the +2 robe of Yrchar (worn) {rElec Int+8}
   (You bought it in a shop on level 5 of the Dungeon)

   It affects your intelligence (+8).
   It insulates you from electricity.
Jewellery
 e - an amulet of guardian spirit (around neck)
 l - a ring of magical power (left claw)
 p - a ring of protection from fire (right claw)
 x - an uncursed ring of ice
Wands
 s - a wand of acid (9)
 t - a wand of polymorph (2)
 u - a wand of digging (5)
 v - a wand of iceblast (16)
 z - a wand of disintegration (19)
Scrolls
 d - 9 scrolls of remove curse
 y - a scroll of identify
Potions
 c - 9 potions of curing
 f - a potion of cancellation
 i - 5 potions of lignification
 j - 2 potions of resistance
 m - a potion of attraction
 n - 2 potions of mutation
 q - 2 potions of ambrosia
 r - 4 potions of magic
Miscellaneous
 g - a lightning rod (4/4)


   Skills:
 + Level 8.2 Fighting
 * Level 11.8 Throwing
 - Level 2.4 Dodging
 + Level 9.8 Unarmed Combat


You had 10 spell levels left.
You didn't know any spells.
Your spell library was empty.

Dungeon Overview and Level Annotations

Branches:
Dungeon (10/15)            Temple (0/1) D:7            Lair (2/6) D:10
    Orc (0/2) D:10
  Swamp: Lair:2-4    Shoals: Lair:2-4     Snake: Lair:2-4    Spider: Lair:2-4

Altars:
Kikubaaqudgha
Trog

Shops:
D:5 [   D:9 *

Annotations:
D:5 1 runed translucent door, Crazy Yiuf
Lair:1 exclusion: oklob plant


Innate Abilities, Weirdness & Mutations

You are too large for most types of armour.
You have claws for hands.
Your natural rate of healing is unusually fast.
You are covered in fur. (AC +1)
You have extremely tough skin. (AC +3)


Message History

You feel much better. The wolf bites your deep troll.
The wolf bites you but does no damage.
Your deep troll misses the wolf.
Your deep troll completely misses the wolf.
Your deep troll misses the wolf.
The wolf closely misses your deep troll.
Unknown command.
You claw the cane toad!
The cane toad is moderately wounded.
The wolf bites you!
* * * LOW HITPOINT WARNING * * *
The wolf bites you!
* * * LOW HITPOINT WARNING * * *
Your deep troll misses the wolf.
Your deep troll claws the wolf!
The wolf dies!
Trog accepts your kill. The cane toad stings you!
* * * LOW HITPOINT WARNING * * *
You are lethally poisoned!
The cane toad poisons you! The wolf barely misses you. The wolf bites you.
You die...

####### #########
########.##..#####..#.##..
#.........................
#.........................
#.......F@................
#......Thh...........####.
#....................## #.
#......###.P..#..#....###.
#.......#########.....##P.
#......######## ##...P###.
##......###.#..####....#
#.
#.....................##
#. ##....................#
#.


You could see a cane toad, 2 wolves and a friendly deep troll (summoned,
berserk).

Vanquished Creatures
  Fannar (Lair:1)
  A boulder beetle (D:9)
  A two-headed ogre (D:9)
  An ugly thing (D:10)
  A black mamba (Lair:1)
  2 cane toads (Lair:1)
  Maggie (Lair:1)
  3 komodo dragons
  Prince Ribbit (D:4)
  Grinder (D:6)
  13 yaks
  A steam dragon (D:7)
  Menkaure (D:4)
  2 water moccasins
  2 insubstantial wisps (D:7)
  Duvessa (D:5)
  An ice beast (D:8)
  An orc warrior (D:10)
  A phantom (D:8)
  6 sky beasts
  4 black bears
  A necrophage (D:8)
  8 wolves (Lair:2)
  2 ogres (D:5)
  3 big kobolds
  3 bullfrogs
  A gnoll sergeant (D:7)
  A water moccasin zombie (D:5)
  A scorpion (D:5)
  Dowan (D:5)
  7 wights (D:10)
  3 killer bees (D:8)
  3 howler monkeys
  2 bullfrog zombies
  A quasit (D:10)
  5 hounds
  4 jellies
  4 orc priests
  2 bullfrog skeletons
  A gnoll shaman (D:7)
  8 orc wizards
  An iguana (D:10)
  5 worker ants
  A hound zombie (D:8)
  2 hound skeletons
  12 gnolls
  7 adders
  A shadow imp (D:9)
  3 white imps
  An ufetubus (D:4)
  3 oozes
  2 adder skeletons
  2 worms
  5 dart slugs
  3 leopard geckos
  27 orcs
  13 giant cockroaches
  15 goblins
  9 hobgoblins
  9 jackals
  3 quokkas
  A ball python (D:4)
  6 bats
  7 frilled lizards
  2 jackal skeletons
  22 kobolds
  11 rats
280 creatures vanquished.

Vanquished Creatures (collateral kills)
  A wolf (Lair:2)
1 creature vanquished.

Vanquished Creatures (others)
  A sky beast (D:7)
  3 fungi
  4 plants (D:10)
  8 withered plants (D:2)
16 creatures vanquished.

Grand Total: 297 creatures vanquished

Notes
Turn   | Place    | Note
-------+----------+-------------------------------------------
     0 | D:1      | sahdkjhfkaj the Troll Berserker began the quest for the
                  | Orb.
     0 | D:1      | Reached XP level 1. HP: 22/22 MP: 0/0
    61 | D:1      | Reached skill level 1 in Throwing
    61 | D:1      | Reached XP level 2. HP: 29/29 MP: 1/1
   233 | D:1      | Reached ** piety under Trog
   386 | D:1      | Reached XP level 3. HP: 36/36 MP: 2/2
   539 | D:2      | Reached skill level 2 in Throwing
   681 | D:2      | Reached XP level 4. HP: 44/44 MP: 3/3
  1003 | D:2      | Found an ancient bone altar of Kikubaaqudgha.
  1329 | D:3      | Reached XP level 5. HP: 19/53 MP: 4/4
  1331 | D:3      | Reached skill level 3 in Throwing
  1445 | D:3      | Reached *** piety under Trog
  2268 | D:4      | Reached XP level 6. HP: 51/61 MP: 3/5
  2563 | D:4      | Reached skill level 4 in Throwing
  2569 | D:4      | Reached **** piety under Trog
  2732 | D:4      | Noticed Menkaure
  2738 | D:4      | Killed Menkaure
  2739 | D:4      | Reached XP level 7. HP: 37/68 MP: 3/6
  2924 | D:5      | Entered Level 5 of the Dungeon
  2924 | D:5      | Noticed Prince Ribbit
  2955 | D:4      | Killed Prince Ribbit
  2956 | D:4      | Reached skill level 5 in Throwing
  2956 | D:4      | Reached skill level 5 in Unarmed Combat
  3404 | D:5      | Noticed Duvessa
  3404 | D:5      | Noticed Dowan
  3412 | D:5      | Killed Dowan
  3413 | D:5      | Reached XP level 8. HP: 79/79 MP: 5/7
  3422 | D:5      | Killed Duvessa
  3423 | D:5      | Reached skill level 6 in Throwing
  3567 | D:5      | Found a runed translucent door.
  3567 | D:5      | Noticed Crazy Yiuf
  3625 | D:5      | Found Orixtogg's Armour Emporium.
  4331 | D:6      | Reached skill level 5 in Fighting
  4537 | D:6      | Reached skill level 7 in Throwing
  4580 | D:6      | Noticed Grinder
  4592 | D:6      | Killed Grinder
  5044 | D:7      | Reached XP level 9. HP: 88/88 MP: 6/8
  5051 | D:7      | Reached ***** piety under Trog
  5332 | D:7      | Reached skill level 8 in Throwing
  5580 | D:7      | Found a staircase to the Ecumenical Temple.
  6345 | D:8      | Reached skill level 9 in Throwing
  6884 | D:9      | Noticed a two-headed ogre
  6895 | D:9      | Killed a two-headed ogre
  6896 | D:9      | Reached XP level 10. HP: 58/100 MP: 7/9
  7051 | D:9      | Noticed a boulder beetle
  7062 | D:9      | Killed a boulder beetle
  7063 | D:9      | Reached skill level 10 in Throwing
  7208 | D:9      | Found Lyriov's General Store.
  7657 | D:10     | Entered Level 10 of the Dungeon
  7835 | D:10     | Found a staircase to the Orcish Mines.
  8003 | D:5      | Bought the +2 robe of Yrchar {rElec Int+8} for 456 gold
                  | pieces
  8241 | D:10     | Found a staircase to the Lair.
  8480 | D:10     | Found a bloodstained altar of Trog.
  8599 | D:10     | Noticed a brown ugly thing
  8612 | D:10     | Killed a brown ugly thing
  8722 | Lair:1   | Entered Level 1 of the Lair of Beasts
  8751 | Lair:1   | Received a gift from Trog
  8824 | Lair:1   | Noticed a cane toad
  8827 | Lair:1   | Killed a cane toad
  8828 | Lair:1   | Reached XP level 11. HP: 108/109 MP: 10/10
  8875 | Lair:1   | Reached skill level 11 in Throwing
  9309 | Lair:1   | HP: 5/111 [poisoned by a black mamba]
  9314 | Lair:1   | HP: 4/111 [poisoned by a black mamba]
  9319 | Lair:1   | HP: 4/111 [poisoned by a black mamba]
  9519 | Lair:1   | Noticed Fannar
  9530 | Lair:1   | Killed Fannar
  9546 | Lair:1   | Noticed an oklob plant
  9566 | Lair:1   | Noticed Maggie
  9574 | Lair:1   | Killed Maggie
 10702 | Lair:2   | HP: 5/111 [cane toad (7)]
 10702 | Lair:2   | Slain by a wolf

Illustrated notes

Levels and vault maps discovered:
D:1:      dpeg_arrival_tiny_g, layout_basic, minmay_tripent
D:2:      minmay_chambers_of_ones, layout_loops_ring, kiku_gazebo_garden_becter
D:3:      cheibrodos_helix_gallery, layout_basic
D:4:      layout_loops_cross, uniq_menkaure
D:5:      layout_basic, serial_shops, shop_fountains, uniq_duvessa,
          uniq_crazy_yiuf_cottage, uniq_prince_ribbit1
D:6:      layout_basic, uniq_grinder
D:7:      layout_gridville, minmay_temple_entry_ruins, hangedman_misty_isle
D:8:      layout_basic, hangedman_decor_growths
D:9:      layout_stronghold, kennysheep_windowed_goal
D:10:     layout_rooms, david_lair_shrubbed, orc_0_dummy, trog_book
Lair:1:   layout_cave_pods, minmay_lair_oklob_chamber, uniq_maggie, uniq_fannar
Lair:2:   layout_chaotic_city, minivault_27, lemuel_fruit_fields,
          infiniplex_staircase_pool

Skill      XL: |  1  2  3  4  5  6  7  8  9 10 11 |
---------------+----------------------------------+-----
Throwing       | 1 2 3 4 5 7 9 10 11 | 11.8
Fighting       | 3 4 5 6 7 8 |  8.2
Unarmed Combat | 4 5 6 8 9 |  9.8
Dodging        | |  2.4

Action                   |  1- 3 |  4- 6 |  7- 9 | 10-12 || total
-------------------------+-------+-------+-------+-------++-------
Melee: Unarmed           |   107 |   149 |   288 |   293 ||   837
       Punch             |       |     1 |     9 |    15 ||    25
Throw: Stone             |       |    18 |    74 |    12 ||   104
       Javelin           |       |     1 |     1 |     1 ||     3
Invok: Berserk           |       |     1 |     5 |     3 ||     9
       Trog's Hand       |       |       |     1 |       ||     1
       Brothers in Arms  |       |       |       |     1 ||     1
Evoke: Wand              |       |       |       |     2 ||     2
  Use: Potion            |       |     1 |       |     1 ||     2
       Scroll            |       |     6 |     5 |     1 ||    12
Armor: Animal skin       |    37 |    60 |    96 |    37 ||   230
       Robe              |       |       |       |    86 ||    86
Dodge: Dodged            |    65 |    77 |   128 |   173 ||   443

Table legend: (Time is in decaauts)
 A = Elapsed time spent in this place.
 B = Non-inter-level travel time spent in this place.
 C = Inter-level travel time spent in this place.
 D = Time resting spent in this place.
 E = Time spent auto-exploring this place.
 F = Levels seen in this place.
 G = Mean time per level.
                   A        B        C        D        E       F      G
               +--------+--------+--------+--------+--------+-----+--------+
         Total |  10658 |  10009 |    649 |    591 |   7678 |  12 |  888.2 |
       Dungeon |   8689 |   8063 |    626 |    546 |   6053 |  10 |  868.9 |
          Lair |   1968 |   1946 |     22 |     44 |   1624 |   2 |  984.0 |
               +--------+--------+--------+--------+--------+-----+--------+

Top non-repeatable levels by time:
  Lair:1: 1446 daAuts
     D:5: 1394 daAuts
     D:9: 1066 daAuts
     D:4: 878 daAuts
     D:6: 859 daAuts
     D:3: 842 daAuts
    D:10: 809 daAuts
     D:7: 797 daAuts
     D:8: 774 daAuts
     D:2: 747 daAuts
  Lair:2: 521 daAuts
     D:1: 520 daAuts
